 Dungeon Crawl Stone Soup version 0.16.0-17-g811c1d7 (webtiles) character file.

409 wojtek the Slicer (level 7, -5/40 HPs)
             Began as a Kobold Assassin on Mar 21, 2015.
             Slain by Menkaure (16 damage)
             ... on level 4 of the Dungeon.
             The game lasted 00:06:22 (3755 turns).

wojtek the Slicer (Kobold Assassin)                 Turns: 3755, Time: 00:06:22

Health: -5/40      AC:  5    Str: 10    XL:     7   Next: 13%
Magic:  7/7        EV: 14    Int: 11    God:
Gold:   200        SH:  0    Dex: 17    Spells: 0 memorised, 6 levels left

rFire  + . .     SeeInvis .     a - +0 short sword (drain)
rCold  . . .     Clarity  .     v - +0 leather armour {rF+}
rNeg   . . .     SustAb   .     (no shield)
rPois  .         Gourm    .     j - +0 helmet
rElec  .         Spirit   .     d - +0 cloak
rCorr  .         Warding  .     (no gloves)
rMut   .         Stasis   .     (no boots)
MR     .....                    (no amulet)
Stlth  +++.......               (no ring)
                                (no ring)

@: not resistant to hostile enchantments, fairly stealthy
A: carnivore 3
a: no special abilities


You were on level 4 of the Dungeon.
You were very full.

You visited 1 branch of the dungeon, and saw 4 of its levels.

You collected 200 gold pieces.

Inventory:

Hand weapons
 a - a +0 short sword of draining (weapon)
 b - a +0 blowgun
 A - a +2 dagger
Missiles
 e - 16 poisoned needles
 f - 2 curare-tipped needles {=f}
Armour
 d - a +0 cloak (worn)
 j - a +0 helmet (worn)
 v - a +0 leather armour of fire resistance (worn)
Jewellery
 n - a +5 ring of dexterity {unknown}
Scrolls
 c - 3 scrolls of fog {unknown}
 m - 4 scrolls of identify {unknown}
 q - a scroll of amnesia {unknown}
 s - a scroll of recharging {unknown}
 t - 2 scrolls of remove curse {unknown}
Potions
 h - 2 potions of invisibility {unknown}
 i - 2 potions of lignification {unknown}
 k - 2 potions of curing {unknown}
 l - 3 potions of agility {unknown}
 p - 3 potions of brilliance {unknown}
 u - a potion of haste {unknown}
Comestibles
 g - a meat ration
 r - a beef jerky


   Skills:
 + Level 2.5 Fighting
 - Level 9.1 Short Blades
 - Level 2.6 Throwing
 + Level 1.9 Dodging
 - Level 5.3 Stealth


You had 6 spell levels left.
You didn't know any spells.

Dungeon Overview and Level Annotations

Branches:
Dungeon (4/15)
 Temple: D:4-7

Altars:
Qazlal

Annotations:
D:4 Menkaure


Innate Abilities, Weirdness & Mutations

You are small and have problems with some larger weapons.
You are carnivorous and can eat meat at any time.


Message History

Your body is wracked with pain!
Menkaure mumbles some strange words.
Menkaure seems to speed up.
Wield which item (- for none, * to show all)? (? for menu, Esc to quit)
You sense an unholy aura.
a - a +0 short sword of draining (weapon)
Things that are here:
a short sword; a ring mail You start resting.
Menkaure closely misses you.
You hit Menkaure but do no damage. Menkaure barely misses you.
You puncture Menkaure!
Menkaure is heavily damaged.
Menkaure calls on the powers of darkness!
Your body is wracked with pain!
* * * LOW HITPOINT WARNING * * *
You hit Menkaure!
Menkaure is almost destroyed.
Menkaure hits you!
You die...

### #.### ###########....
#######.......(..(###
#..)@.#.########### #.###M#.#
#.# #.#.# ###### #.# #.#)#
#....####.###.#.####### .###
#.).(#..............M...$....
#.<..#.##.###.......... .##"
#....#.##.# #.......... #.
##'###.##.###.......... #.


You could see Menkaure.

Vanquished Creatures
  The ghost of zacpavey the Firebug, an average DgFE (D:3)
  An ogre (D:4)
  Blork the orc (D:4)
  Crazy Yiuf (D:3)
  A hound (D:4)
  A worker ant (D:4)
  A gnoll (D:1)
  4 adders
  A giant mite (D:2)
  A worm (D:3)
  3 giant geckos
  10 orcs
  3 giant cockroaches
  5 goblins
  13 hobgoblins
  3 jackals (D:1)
  9 kobolds
  3 bats
  2 giant newts
  9 rats
73 creatures vanquished.

Vanquished Creatures (others)
  A rat (D:3)
1 creature vanquished.

Grand Total: 74 creatures vanquished

Notes
Turn   | Place    | Note
--------------------------------------------------------------
     0 | D:1      | wojtek, the Kobold Assassin, began the quest for the Orb.
     0 | D:1      | Reached XP level 1. HP: 12/12 MP: 1/1
   304 | D:1      | Reached XP level 2. HP: 17/17 MP: 2/2
   579 | D:1      | Reached XP level 3. HP: 19/21 MP: 3/3
  1077 | D:2      | Reached skill level 5 in Short Blades
  1253 | D:2      | Reached XP level 4. HP: 26/26 MP: 4/4
  1840 | D:3      | Reached skill level 6 in Short Blades
  1941 | D:3      | Found a stormy altar of Qazlal.
  2064 | D:3      | Reached XP level 5. HP: 27/30 MP: 5/5
  2216 | D:3      | Noticed zacpavey's ghost (average DgFE)
  2243 | D:3      | Killed zacpavey's ghost
  2243 | D:3      | Reached skill level 7 in Short Blades
  2243 | D:3      | Reached XP level 6. HP: 15/35 MP: 6/6
  2512 | D:3      | Noticed Crazy Yiuf
  2546 | D:3      | Killed Crazy Yiuf
  2546 | D:3      | Reached skill level 8 in Short Blades
  2803 | D:4      | Noticed Blork the orc
  2828 | D:4      | Killed Blork the orc
  3404 | D:4      | Reached skill level 9 in Short Blades
  3404 | D:4      | Reached XP level 7. HP: 36/40 MP: 7/7
  3416 | D:4      | Noticed Menkaure
  3755 | D:4      | Slain by Menkaure

Action                   |  1- 3 |  4- 6 |  7- 9 || total
-------------------------+-------+-------+-------++-------
Melee: Dagger            |    70 |   108 |       ||   178
       Short sword       |       |    35 |     5 ||    40
 Fire: Blowgun           |     5 |    12 |     2 ||    19
 Stab: Sleeping          |     5 |    10 |       ||    15
       Distracted        |       |     2 |       ||     2
  Eat: Chunk             |     9 |     7 |       ||    16
